 Dungeon Crawl Stone Soup version 0.32-a0-909-gc671339a80 (webtiles) character file.

Game seed: 2328144969140933682

354 Twinkles the Ruffian (level 6, -28/41 HPs)
             Began as an Octopode Shapeshifter on Apr 7, 2024.
             Was a Follower of Wu Jian.
             Annihilated by an ogre
             ... wielding a +0 giant club
              (34 damage)
             ... on level 5 of the Dungeon.
             The game lasted 00:11:11 (3488 turns).

Twinkles the Ruffian (Octopode Shapeshifter)        Turns: 3488, Time: 00:11:12

Health: -28/41     AC:  1    Str: 15    XL:     6   Next: 63%
Magic:  6/6        EV: 13    Int: 12    God:    Wu Jian [*.....]
Gold:   186        SH:  0    Dex: 12    Spells: 5/5 levels left

rFire   + .          .
                       - Unarmed
rCold   . . .        (no shield)
rNeg    . . .        (helmet currently unavailable)
rPois   .            m - amulet of the acrobat
rElec   .            l - ring of protection from fire
rCorr   .            q - ring of willpower
SInv    .            (no ring)
Will    +....        (no ring)
Stlth   +++          (no ring)
HPRegen 0.26/turn    (no ring)
MPRegen 0.10/turn    (no ring)
                     (no ring)

%: acrobat
@: beast-form
A: beast (slay +2), almost no armour, amphibious, 8 rings, camouflage 1,
gelatinous body 1, (nimble swimmer 1), tentacles
a: Begin Untransformation, Renounce Religion


You were on level 5 of the Dungeon.
You worshipped Wu Jian.
Wu Jian was aware of your devotion.
You were a hulking beast.
You visited 1 branch of the dungeon, and saw 5 of its levels.

You collected 186 gold pieces.

Inventory:

Hand Weapons
 h - a +3 dagger
Missiles
 g - 3 boomerangs (quivered)
Jewellery
 l - a ring of protection from fire (left tentacle)
 m - an amulet of the acrobat (around mantle)
 q - a ring of willpower (right tentacle)
Talismans
 b - a beast talisman (active)
 c - a flux talisman
Wands
 o - a wand of quicksilver (12)
 y - a wand of mindburst (30)
Scrolls
 d - 7 scrolls of identify {unknown}
 e - a scroll of amnesia {unknown}
 f - 2 scrolls of silence {unknown}
 i - 4 scrolls of vulnerability {unknown}
 p - a scroll of poison {unknown}
 s - a scroll of fear {unknown}
Potions
 a - 3 potions of heal wounds {unknown}
 j - a potion of haste {unknown}
 k - 2 potions of curing {unknown}
 n - 2 potions of magic {unknown}
 r - a potion of resistance {unknown}
 P - a potion of lignification


   Skills:
 + Level 2.9 Fighting
 + Level 3.5 Dodging
 + Level 3.4 Stealth
 + Level 4.2 Unarmed Combat
 + Level 4.0 Shapeshifting


You had 5 spell levels left.
You didn't know any spells.
Your spell library was empty.

Dungeon Overview and Level Annotations

Branches:
Dungeon (5/15) Zot: 26518
 Temple: D:4-7

Altars:
Dithmenos
Wu Jian
The Shining One

Shops:
D:2 =   D:4 ?

Annotations:
D:4 exclusion: black bear, Edmund
D:5 exclusion: black bear


Innate Abilities, Weirdness & Mutations

You are a hulking beast.
Your limbs bulge with bestial killing power. (Slay +2)
You cannot wear most types of armour.
You are amphibious.
You can wear up to eight rings at the same time.
Your skin changes colour to match your surroundings (Stealth+).
Your rubbery body absorbs attacks. (AC +1, EV +1)
((You are camouflaged when in or above water. (Stealth+)))
You have tentacles for arms and can constrict up to eight enemies at once.


Message History

Placed new exclusion.
Found a stone staircase leading down.
You now have 186 gold pieces (gained 17).
There is a stone staircase leading down here.
An ogre comes into view. It is wielding a +0 giant club.
The ogre shouts!
Aiming: Mindburst
Press: ? - help, Shift-Dir - straight line, f - ogre
Aim: an ogre, wielding a +0 giant club (chance to affect: 64%)
The ogre struggles to resist.
Aiming: Mindburst
Press: ? - help, Shift-Dir - straight line, f/p - ogre
Aim: an ogre, wielding a +0 giant club (chance to affect: 64%)
The ogre struggles to resist.
Found 19 gold pieces.
You lunge at the ogre.
You tentacle-slap the ogre. You squeeze the ogre.
The ogre is moderately wounded.
The ogre hits you with a +0 giant club!
You tentacle-slap the ogre but do no damage.
The ogre is moderately wounded.
You bludgeon the ogre!
The ogre is severely wounded.
The ogre hits you with a +0 giant club!!
Ouch! That really hurt!
* * * LOW HITPOINT WARNING * * *
You tentacle-slap the ogre.
The ogre is severely wounded.
You barely miss the ogre. Your squeeze misses the ogre.
The ogre is severely wounded.
The ogre closely misses you.
You tentacle-slap the ogre.
The ogre is almost dead.
The ogre misses you.
You tentacle-slap the ogre. Your squeeze misses the ogre.
The ogre is almost dead.
You tentacle-slap the ogre.
The ogre is almost dead.
The ogre hits you with a +0 giant club!!
Ouch! That really hurt!
You die...

###### ..#... #.....#
### ....... ..# #..
....... #.# #..#
....?.. #.# #..#
#....O##.# #..#
#.....h#.## #..#
#.....?...## #..#
#.....##...######..####
#..... #...............
#....$ #####.####..###.
#..... #...##..#...
....... ###.##..#...
...#### #.>......#
#####.....


You could see an ogre.

Vanquished Creatures
  2 scorpions (D:4)
  An orc priest (D:4)
  A sleepcap (D:4)
  An iguana (D:4)
  3 gnolls (D:2)
  3 adders
  3 ribbon worms
  7 orcs
  5 endoplasms
  4 giant cockroaches
  A goblin (D:1)
  8 hobgoblins
  12 jackals
  A quokka (D:2)
  8 ball pythons
  7 bats
  4 frilled lizards
  9 kobolds
  7 rats
87 creatures vanquished.

Notes
Turn   | Place    | Note
-------+----------+-------------------------------------------
     0 | D:1      | Twinkles the Octopode Shapeshifter began the quest for the
                  | Orb.
     0 | D:1      | Reached XP level 1. HP: 13/13 MP: 1/1
    39 | D:1      | Reached XP level 2. HP: 17/18 MP: 2/2
   311 | D:1      | Reached XP level 3. HP: 23/23 MP: 3/3
   605 | D:2      | Found Xiggomm's Jewellery Emporium.
   625 | D:2      | Reached skill level 1 in Stealth
   675 | D:2      | HP: 7/24 [gnoll/+0 spear (4)]
  1087 | D:2      | Reached XP level 4. HP: 29/29 MP: 4/4
  1139 | D:2      | Identified the +2 ring mail of the Shoals {rF+ Will+}
  1150 | D:2      | HP: 8/29 [gnoll/+0 spear (5)]
  1151 | D:2      | HP: 3/29 [gnoll/+0 spear (5)]
  1479 | D:3      | Found an ornate altar of the Wu Jian Council.
  1501 | D:3      | Became a worshipper of the Wu Jian Council
  1579 | D:3      | Found a faded altar of an unknown god.
  1652 | D:3      | Reached XP level 5. HP: 34/34 MP: 5/5
  1671 | D:3      | Identified the +1 chain mail of Death Resistance {Rampage
                  | Str+3}
  2173 | D:4      | Noticed Edmund
  2184 | D:4      | Found Guli's Magic Scroll Emporium.
  2310 | D:4      | Found a shadowy altar of Dithmenos.
  2606 | D:4      | Reached XP level 6. HP: 41/41 MP: 6/6
  2649 | D:4      | Found a glowing golden altar of the Shining One.
  2650 | D:4      | Noticed a black bear
  2662 | D:4      | Reached * piety under Wu Jian
  3404 | D:5      | Entered Level 5 of the Dungeon
  3437 | D:5      | Noticed a black bear
  3483 | D:5      | HP: 5/41 [ogre/+0 giant club (21)]
  3488 | D:5      | Annihilated by an ogre

Illustrated notes

Levels and vault maps discovered:
D:1:      minmay_arrival_five_plusses, layout_basic, minmay_misc_feat_encased
D:2:      layout_basic, serial_shops, nicolae_shop_tiny_glass
D:3:      layout_basic, nicolae_wu_jian_wuxing_cycle, serial_glass,
          glass_columns_c, glass_columns_b, item_on_display_a, feat_on_display,
          shapermc_ecumenical_altar_gd, nicolae_eternal_life
D:4:      layout_loops_ring, nicolae_dithmenos_through_a_glass_darkly,
          lemuel_round_altar, serial_shops, shop, uniq_edmund
D:5:      layout_basic, nrook_campfire, dreamdust_wishing_well, kennysheep_nub,
          nrook_mini_vaults

Skill      XL: |  1  2  3  4  5  6 |
---------------+-------------------+-----
Stealth        | 1 2 3 |  3.4
Fighting       | 2 |  2.9
Dodging        | 3 |  3.5
Unarmed Combat | 4 |  4.2
Shapeshifting  | 4 |  4.0

Action                     |  1- 3 |  4- 6 || total
---------------------------+-------+-------++-------
  Melee: Unarmed           |    66 |    84 ||   150
         Constrict         |    23 |    23 ||    46
         Tentacles         |    13 |    22 ||    35
         Punch             |     3 |       ||     3
  Throw: Boomerang         |       |     3 ||     3
Ability: Lunge             |       |    21 ||    21
  Evoke: Wand              |       |     2 ||     2
   Stab: Sleeping          |     1 |     8 ||     9
         Distracted        |     1 |     2 ||     3
 Armour: Skin              |    27 |    16 ||    43
  Dodge: Dodged            |    42 |    33 ||    75

Table legend: (Time is in decaauts)
 A = Elapsed time spent in this place.
 B = Non-inter-level travel time spent in this place.
 C = Inter-level travel time spent in this place.
 D = Time resting spent in this place.
 E = Time spent auto-exploring this place.
 F = Levels seen in this place.
 G = Mean time per level.
                   A        B        C        D        E       F      G
               +--------+--------+--------+--------+--------+-----+--------+
         Total |   3480 |   3283 |    197 |    252 |   2234 |   5 |  696.0 |
       Dungeon |   3480 |   3283 |    197 |    252 |   2234 |   5 |  696.0 |
               +--------+--------+--------+--------+--------+-----+--------+

Top non-repeatable levels by time:
     D:4: 1198 daAuts
     D:2: 857 daAuts
     D:3: 829 daAuts
     D:1: 511 daAuts
     D:5: 83 daAuts
